 Dungeon Crawl Stone Soup version 0.17-a0-1711-gc5340a3 (webtiles) character file.

2705 urechis the Martial Artist (level 9, -6/48 HPs)
             Began as a Vine Stalker Monk on Aug 22, 2015.
             Killed by divine providence
             ... invoked by an orc priest
              (14 damage)
             ... on level 6 of the Dungeon.
             The game lasted 00:10:52 (4624 turns).

urechis the Martial Artist (Vine Stalker Monk)      Turns: 4624, Time: 00:10:53

Health: -6/48      AC:  5    Str: 17    XL:     9   Next: 65%
Magic:  0/16       EV: 13    Int: 10    God:
Gold:   372        SH:  0    Dex: 20    Spells: 3 memorised, 12 levels left

rFire  . . .     SeeInvis .       - Unarmed
rCold  . . .     Clarity  .     a - +0 robe
rNeg   + . .     SustAt   .     (no shield)
rPois  .         Gourm    .     (no helmet)
rElec  .         Spirit   +     o - +0 cloak
rCorr  .         Warding  +     (no gloves)
rMut   .         Stasis   .     h - +1 pair of boots
MR     +....                    p - amulet of warding
Stlth  ++........               C - ring of flight
                                A - +3 ring of strength

@: somewhat resistant to hostile enchantments, unstealthy
A: fangs 3, regeneration 2, magic shield, antimagic bite, no device heal 3, rot
immunity
a: Evoke Flight


You were on level 6 of the Dungeon.
You were not hungry.

You visited 1 branch of the dungeon, and saw 6 of its levels.

You collected 372 gold pieces.

Inventory:

Armour
 a - a +0 robe (worn)
 h - a +1 pair of boots (worn)
 o - a +0 cloak (worn)
Jewellery
 p - an amulet of warding (around neck)
 A - a +3 ring of strength (left hand)
 C - a ring of flight (right hand)
Magical devices
 x - a wand of draining (7)
 B - a wand of frost (15)
Scrolls
 d - 2 scrolls of blinking
 f - a scroll of magic mapping {unknown}
 g - a scroll of random uselessness {unknown}
 i - a scroll of noise {unknown}
 j - 5 scrolls of enchant weapon
 r - 2 scrolls of fog
 u - 2 scrolls of remove curse
 w - 2 scrolls of teleportation
Potions
 c - a potion of cancellation {unknown}
 e - a potion of agility {unknown}
 k - a potion of curing
 n - 2 potions of might {unknown}
 q - a potion of invisibility {unknown}
 s - a potion of resistance {unknown}
 t - 2 potions of brilliance {unknown}
 v - 2 potions of poison {unknown}
 E - a potion of mutation {unknown}
 H - a potion of flight {unknown}
 I - a potion of degeneration {unknown}
Books
 F - a book of Spatial Translocations

   Spells                             Type                      Level
   a - Apportation                    Translocation                1
   b - Blink                          Translocation                2
   c - Shroud of Golubria             Charms/Translocation         2
   d - Portal Projectile              Translocation                3
   e - Teleport Other                 Translocation                3
   f - Passage of Golubria            Translocation                4
Comestibles
 b - 6 bread rations
 l - 5 chunks of flesh
 z - 2 meat rations
 D - a beef jerky
 G - 3 fruits


   Skills:
 - Level 6.2 Fighting
 - Level 2.4 Dodging
 - Level 2.4 Stealth
 - Level 10.0 Unarmed Combat
 + Level 4.5 Spellcasting
 + Level 4.5 Translocations


You had 12 spell levels left.
You knew the following spells:

 Your Spells              Type           Power        Failure   Level  Hunger
a - Shroud of Golubria    Chrm/Tloc      #.........   17%         2    ##.....
b - Blink                 Tloc           N/A          8%          2    ##.....
c - Apportation           Tloc           ##........   4%          1    #......


Dungeon Overview and Level Annotations

Branches:
Dungeon (6/15)             Temple (0/1) D:6

Altars:
Kikubaaqudgha
Nemelex Xobeh
Xom
Yredelemnul


Innate Abilities, Weirdness & Mutations

You have razor-sharp teeth.
You heal very quickly.
When hurt, damage is shared between your health and your magic reserves.
Your bite disrupts and absorbs the magic of your enemies.
Potions and wands cannot restore your health.
You are immune to rotting.


Message History

The orc priest invokes the aid of Beogh against you.
You resist with significant effort. The orc warrior hits you with a mace!
* * * LOW HITPOINT WARNING * * *
You are too injured to fight recklessly!
You are too injured to fight recklessly!
The orc priest casts a cantrip, but nothing happens.
The orc warrior hits you with a mace!
* * * LOW HITPOINT WARNING * * *
The orc priest calls upon Beogh to heal the orc warrior.
The orc warrior is healed somewhat.
The orc priest mumbles some strange prayers to Beogh against you.
Pain shoots through your body!
* * * LOW HITPOINT WARNING * * *
The orc priest invokes the aid of Beogh against you.
Something smites you!
* * * LOW HITPOINT WARNING * * *
The orc priest casts a cantrip, but nothing happens. x2
The orc priest calls down the wrath of Beogh upon you.
Something smites you!
You die...

#.?# ...#........# #..#
....'........# ...#
....#.....o..#
##.##..............#####
.........####....o......
##.###.#.####.##.########
.#...#.# #⌠⌠#..#o##.....#
.#.#.#.# #__##)#.##.###.#
.#.....# #..##.#@##.# #.#
.#.#.### #''##...##.# #.#
.....# #..##.....(# #.#
##.### #...#...#### #.#
#.# #.######### #.# #.#
#.........####.# ##.#
#########.#....# .#.#
########..[...# .#.#
#......#..[##.#


You could see an orc warrior and 2 orc priests.

Vanquished Creatures
  Pikel (D:3)
  The ghost of urechis the Tormented, an experienced VSNe of Kikubaaqudgha (D:6)
  Grinder (D:4)
  Eustachio (D:4)
  Edmund (D:6)
  The ghost of urechis the Sneak, an average SpEn (D:3)
  A water moccasin (D:5)
  An orc warrior (D:6)
  A phantom (D:4)
  An ogre (D:5)
  A centaur (D:5)
  A giant frog (D:6)
  A scorpion (D:6)
  2 giant frog zombies (D:5)
  4 jellies
  5 orc priests
  A wasp zombie (D:6)
  3 hounds
  An iguana (D:6)
  A centaur skeleton (D:6)
  Terence (D:3)
  3 worker ants
  2 orc wizards
  A hound skeleton (D:4)
  A worker ant zombie (D:5)
  3 gnolls (D:6)
  4 adders
  A shadow imp (D:6)
  2 oozes
  3 worms
  4 giant geckos
  21 orcs
  4 giant cockroaches
  6 goblins
  4 hobgoblins
  9 jackals
  3 quokkas
  6 bats
  4 giant newts
  13 kobolds
  A quokka zombie (D:5)
  7 rats
133 creatures vanquished.

Vanquished Creatures (others)
  A worker ant (D:4)
  2 jackals (D:4)
3 creatures vanquished.

Grand Total: 136 creatures vanquished

Notes
Turn   | Place    | Note
--------------------------------------------------------------
     0 | D:1      | urechis the Vine Stalker Monk began the quest for the Orb.
     0 | D:1      | Reached XP level 1. HP: 11/11 MP: 2/2
   217 | D:1      | Reached XP level 2. HP: 16/16 MP: 3/3
   623 | D:2      | Reached XP level 3. HP: 15/20 MP: 4/4
   945 | D:2      | Reached skill level 5 in Unarmed Combat
  1368 | D:3      | Reached XP level 4. HP: 16/24 MP: 3/5
  1546 | D:3      | Noticed Terence
  1559 | D:3      | Killed Terence
  1565 | D:3      | Found an ancient bone altar of Kikubaaqudgha.
  1565 | D:3      | Noticed urechis's ghost (average SpEn)
  1585 | D:3      | Killed urechis's ghost
  1585 | D:3      | Reached skill level 6 in Unarmed Combat
  1585 | D:3      | Reached XP level 5. HP: 16/29 MP: 6/6
  1864 | D:3      | Gained mutation: You heal very quickly. [Vine Stalker growth]
  1864 | D:3      | Reached XP level 6. HP: 33/33 MP: 7/7
  1878 | D:3      | Found a basalt altar of Yredelemnul.
  2122 | D:4      | Noticed Pikel
  2259 | D:3      | HP: 1/34 [Pikel/whip of electrocution (7)]
  2413 | D:3      | Killed Pikel
  2413 | D:3      | Reached skill level 5 in Fighting
  2413 | D:3      | Reached skill level 8 in Unarmed Combat
  2413 | D:3      | Reached XP level 7. HP: 27/39 MP: 6/8
  2598 | D:4      | Gained mutation: You have razor-sharp teeth. [Vine Stalker growth]
  2598 | D:4      | Reached XP level 8. HP: 41/43 MP: 9/9
  2663 | D:4      | Noticed Grinder
  2670 | D:4      | Paralysed by Grinder for 3 turns
  2678 | D:4      | Killed Grinder
  2704 | D:4      | Noticed Eustachio
  2893 | D:4      | Killed Eustachio
  2893 | D:4      | Reached skill level 9 in Unarmed Combat
  3104 | D:5      | Entered Level 5 of the Dungeon
  3452 | D:5      | Learned a level 1 spell: Apportation
  3455 | D:5      | Learned a level 2 spell: Blink
  3458 | D:5      | Learned a level 2 spell: Shroud of Golubria
  3582 | D:5      | Reached skill level 10 in Unarmed Combat
  3608 | D:5      | Reached skill level 1 in Spellcasting
  3608 | D:5      | Reached skill level 1 in Translocations
  3608 | D:5      | Reached XP level 9. HP: 33/48 MP: 6/11
  4021 | D:6      | Found a sparkling altar of Nemelex Xobeh.
  4021 | D:6      | Found a shimmering altar of Xom.
  4210 | D:6      | Noticed Edmund
  4221 | D:6      | Killed Edmund
  4331 | D:6      | Noticed urechis's ghost (experienced VSNe)
  4347 | D:6      | Killed urechis's ghost
  4400 | D:6      | Found a staircase to the Ecumenical Temple.
  4624 | D:6      | Killed from afar by an orc priest

Vault maps used:
D:1:      dpeg_arrival_rhombi
D:2:      kennysheep_generic_room_16
D:3:      lemuel_coloured_pillars_altar, kiku_gazebo_garden_becter, uniq_terence
D:4:      uniq_pikel, uniq_eustachio, uniq_grinder
D:5:      first_bread, lemuel_another_geyser
D:6:      grunt_temple_overflow_lords_of_destruction,
          gammafunk_temple_overflow_wave, temple_fountains, uniq_edmund,
          uniq_menkaure, uniq_crazy_yiuf_cottage

Action                   |  1- 3 |  4- 6 |  7- 9 || total
-------------------------+-------+-------+-------++-------
Melee: Unarmed           |   112 |   187 |   223 ||   522
  Use: Scroll            |       |       |     7 ||     7
       Potion            |       |       |     2 ||     2
 Stab: Sleeping          |     6 |     2 |     7 ||    15
  Eat: Chunk             |       |     2 |     6 ||     8
       Beef jerky        |       |     1 |       ||     1
       Pizza             |       |       |     2 ||     2
